 Dungeon Crawl Stone Soup version 0.27.1-37-g7b29ead8ac (webtiles) character file.

Game seed: 3588659878211159057

607 Delamore the Sneak (level 7, 0/45 (49) HPs)
             Began as an Octopode Brigand on Aug 11, 2023.
             Slain by a wight (4 damage)
             ... on level 5 of the Dungeon.
             The game lasted 00:05:27 (4334 turns).

Delamore the Sneak (Octopode Brigand)               Turns: 4334, Time: 00:05:27

HP:   0/45 (49)     AC:  1    Str: 11    XL:     7   Next: 43%
MP:   7/7           EV: 15    Int: 19    God:
Gold: 158           SH:  5    Dex: 15    Spells: 6/6 levels left

rFire    . . .     SeeInvis .   a - +2 dagger
rCold    . . .     Faith    .   (no shield)
rNeg     . . .     Spirit   .   (helmet restricted)
rPois    .         Reflect  +   n - amulet of reflection
rElec    .         Harm     .   g - +6 ring of intelligence
rCorr    .         Rampage  .   r - ring of wizardry
Will     .....                  (no ring)
Stlth    ++++......             (no ring)
HPRegen  0.15/turn              (no ring)
MPRegen  0.10/turn              (no ring)
                                (no ring)
                                (no ring)

@: drained
A: almost no armour, amphibious, 8 rings, camouflage 1, gelatinous body 1,
(nimble swimmer 1), tentacles
a: no special abilities


You were on level 5 of the Dungeon.
You visited 2 branches of the dungeon, and saw 6 of its levels.

You collected 158 gold pieces.

Inventory:

Hand Weapons
 a - a +2 dagger (weapon)
Missiles
 b - 22 poisoned darts
 e - 151 stones (quivered)
 q - a curare-tipped dart
Jewellery
 g - a +6 ring of intelligence (left tentacle)
 i - an amulet of faith
 n - an amulet of reflection (around mantle)
 r - a ring of wizardry (right tentacle)
Wands
 c - a wand of mindburst (6)
Scrolls
 d - a scroll of summoning {unknown}
 h - 2 scrolls of teleportation {unknown}
 m - a scroll of enchant armour {unknown}
 o - a scroll of fear {unknown}
 p - 4 scrolls of identify {unknown}
 s - a scroll of immolation {unknown}
Potions
 f - 2 potions of heal wounds {unknown}
 j - 4 potions of might {unknown}
 k - a potion of berserk rage {unknown}
 l - 2 potions of flight {unknown}
 t - a potion of curing {unknown}
 u - a potion of brilliance {unknown}


   Skills:
 + Level 4.8 Fighting
 + Level 4.8 Short Blades
 - Level 2.0 Throwing
 + Level 4.5 Dodging
 - Level 5.3 Stealth


You had 6 spell levels left.
You didn't know any spells.
Your spell library contained the following spells:

 Spells                   Type           Power      Damage    Failure   Level
 Ensorcelled Hibernation  Hex/Ice        0%         N/A       12%         2
 Spider Form              Tmut/Pois      0%         N/A       24%         3
 Shadow Creatures         Summ           N/A        N/A       100%        6


Dungeon Overview and Level Annotations

Branches:
Dungeon (5/15)             Temple (1/1) D:4

Altars:
Ashenzari
Fedhas
Hepliaklqana
Kikubaaqudgha
Nemelex Xobeh
Okawaru
Sif Muna
Trog
Uskayaw


Innate Abilities, Weirdness & Mutations

You cannot wear most types of armour.
You are amphibious.
You can wear up to eight rings at the same time.
Your skin changes colour to match your surroundings (Stealth+).
Your rubbery body absorbs attacks. (AC +1, EV +1)
((You are camouflaged near water. (Stealth+)))
You have tentacles for arms and can constrict up to eight enemies at once.


Message History

You constrict the wight.
The wight hits you with a +3 scimitar of freezing.
The wight freezes you.
You hit the wight. You squeeze the wight.
You destroy the wight!
Press: ? - help, v - describe, . - travel
Here: a wight, wielding a +5 long sword and wearing a +0 robe The floor.
You throw a stone. The stone barely misses the wight.
You throw a stone. The stone hits the wight.
The wight is lightly damaged.
There is a stone staircase leading down here.
You climb downwards.
There is a stone staircase leading up, spattered with blood here.
You hit the wight. Your grab misses the wight.
The wight is lightly damaged.
The wight hits you with a +5 long sword!
You feel drained.
You hit the wight. You grab the wight.
The wight is moderately damaged.
You constrict the wight.
The wight hits you with a +5 long sword!
You hit the wight.
The wight is moderately damaged.
You constrict the wight. The wight barely misses you.
You hit the wight but do no damage.
You squeeze the wight, but do no damage.
The wight is heavily damaged.
You constrict the wight, but do no damage.
The wight barely misses you.
You hit the wight but do no damage.
The wight is heavily damaged.
You constrict the wight. You hit the wight.
The wight is severely damaged.
You constrict the wight.
The wight hits you with a +5 long sword!
* * * LOW HITPOINT WARNING * * *
You feel drained.
You die...

### ..#
#.# #.#
... #.#
#)# #@#
......z.#
##.......
#.###..##
.. ^..#
##..#
#..# #.[#


You could see a wight.

Vanquished Creatures
  Sigmund (D:3)
  2 black bears
  A wight (D:4)
  An iguana (D:4)
  Ijyb (D:4)
  An orc wizard (D:2)
  3 gnolls (D:3)
  4 adders
  A white imp (D:5)
  2 worms
  A dart slug (D:4)
  9 orcs
  9 ball pythons
  2 bats (D:3)
  9 endoplasms
  3 giant cockroaches
  6 goblins
  5 hobgoblins
  5 quokkas
  2 frilled lizards
  5 kobolds
  A quokka skeleton (D:4)
  5 rats
79 creatures vanquished.

Vanquished Creatures (others)
  11 plants (D:2)
11 creatures vanquished.

Grand Total: 90 creatures vanquished

Notes
Turn   | Place    | Note
-------+----------+-------------------------------------------
     0 | D:1      | Delamore the Octopode Brigand began the quest for the Orb.
     0 | D:1      | Reached XP level 1. HP: 14/14 MP: 1/1
   367 | D:2      | Reached XP level 2. HP: 10/19 MP: 2/2
  1000 | D:1      | Reached XP level 3. HP: 25/25 MP: 3/3
  1214 | D:2      | Noticed a black bear
  1406 | D:2      | Reached XP level 4. HP: 23/30 MP: 4/4
  1736 | D:2      | Killed a black bear
  1737 | D:2      | Reached XP level 5. HP: 10/36 MP: 5/5
  2502 | D:3      | Noticed Sigmund
  2509 | D:3      | Killed Sigmund
  2510 | D:3      | Reached XP level 6. HP: 37/43 MP: 6/6
  2978 | D:4      | Found a staircase to the Ecumenical Temple.
  3020 | Temple   | Entered the Ecumenical Temple
  3177 | D:4      | Noticed a black bear
  3179 | D:4      | Noticed Ijyb
  3207 | D:5      | Entered Level 5 of the Dungeon
  3210 | D:5      | Killed a black bear
  3211 | D:5      | Reached XP level 7. HP: 10/49 MP: 7/7
  3484 | D:4      | Killed Ijyb
  4334 | D:5      | Slain by a wight

Illustrated notes

Levels and vault maps discovered:
D:1:      dpeg_arrival_stone_temple_mockup, layout_rooms, nrook_mini_vaults,
          minmay_misc_feat_columns
D:2:      wander_river, layout_loops_ring, serial_bayou_lake_a
D:3:      minmay_skewed_foursquare, layout_basic, grunt_decor_fettered,
          uniq_sigmund
D:4:      layout_basic, minmay_temple_entry_hall, uniq_ijyb
D:5:      layout_loops_ring, lemuel_zombie_altar_yredelemnul,
          uniq_prince_ribbit1, uniq_duvessa
Temple:   nicolae_temple_figure_zero

Skill      XL: |  1  2  3  4  5  6 |
---------------+-------------------+-----
Dodging        | 2 3 4 |  4.5
Fighting       | 3 4 |  4.8
Short Blades   | 3 4 |  4.8
Throwing       | |  2.0
Stealth        | |  5.3

Action                   |  1- 3 |  4- 6 |  7- 9 || total
-------------------------+-------+-------+-------++-------
Melee: Dagger            |    49 |    79 |    50 ||   178
       Constrict         |    10 |    18 |    11 ||    39
       Tentacles         |    10 |    14 |     9 ||    33
Throw: Stone             |    12 |    10 |     2 ||    24
       Dart              |     4 |    11 |     3 ||    18
 Stab: Sleeping          |     6 |     9 |     4 ||    19
       Distracted        |       |       |     2 ||     2
Armor: Skin              |     2 |     6 |       ||     8
Dodge: Dodged            |    30 |    28 |    17 ||    75
Block: Other             |       |    16 |     4 ||    20
